 Dungeon Crawl Stone Soup version 0.27.1 (webtiles) character file.

Game seed: 14643331321809029750

62951 ZARRMARR the Peltast (level 14, -7/189 HPs)
             Began as a Minotaur Berserker on Aug 27, 2021.
             Was the Champion of Trog.
             Mangled by a redback (10 damage)
             ... on level 1 of the Spider Nest.
             The game lasted 01:25:32 (20106 turns).

ZARRMARR the Peltast (Minotaur Berserker)          Turns: 20106, Time: 01:25:33

Health: -7/189     AC: 27    Str: 33    XL:     14   Next: 66%
Magic:  0/13       EV:  2    Int:  4    God:    Trog [******]
Gold:   1324       SH: 24    Dex: 10    Spells: 13/13 levels left

rFire    . . .     SeeInvis .   b - +8 whip "Snakebite" {venom, curare, rPois}
rCold    . . .     Faith    .   s - +0 tower shield
rNeg     + + +     Spirit   +   (armour currently unavailable)
rPois    +         Reflect  .   (helmet currently unavailable)
rElec    .         Harm     .   (cloak currently unavailable)
rCorr    .         Rampage  .   (gloves currently unavailable)
Will     +....     NoTele   +   (boots currently unavailable)
Stlth    +.........             m - amulet of guardian spirit
HPRegen  0.41/turn              l - +4 ring of evasion
MPRegen  0.13/turn              R - +6 ring of strength

@: tree-form, on berserk cooldown, slowed, very slow
A: stationary, stasis, torment immunity, boosted hp, (horns 2), (retaliatory
headbutt)
a: Renounce Religion, Berserk, Trog's Hand, Brothers in Arms


You were on level 1 of the Spider Nest.
You worshipped Trog.
Trog was exalted by your worship.
You were a tree.
You visited 3 branches of the dungeon, and saw 16 of its levels.

You collected 1324 gold pieces.

Inventory:

Hand Weapons
 b - the +8 whip "Snakebite" (weapon) {venom, curare, rPois}
   (Trog gifted it to you on level 5 of the Lair of Beasts)

   It poisons the flesh of those it strikes.
   It occasionally inflicts asphyxiating poison on those it strikes, dealing
   poison damage and causing slowness.
   rPois:     It protects you from poison.
 j - a +1 demon trident of freezing
 W - the +6 executioner's axe of Iconoclasm {vorpal, rPois rF- Will- SInv}
   (You found it on level 4 of the Lair of Beasts)

   It inflicts extra damage upon your enemies.
   rF:        It makes you vulnerable to fire.
   rPois:     It protects you from poison.
   SInv:      It lets you see invisible.
   Will:      It decreases your willpower.
Armour
 a - a +0 pair of boots (melded)
 e - a +0 pair of gloves (melded)
 s - a +0 tower shield (worn)
 u - a +0 hat of willpower (melded)
 H - +4 swamp dragon scales
 I - a +0 cloak (melded)
 S - +1 acid dragon scales (melded)
Jewellery
 l - a +4 ring of evasion (left branch)
 m - an amulet of guardian spirit (around neck)
 x - a ring of flight
 R - a +6 ring of strength (right branch)
Wands
 r - a wand of digging (6)
 v - a wand of acid (8)
 y - a wand of charming (16)
 F - a wand of paralysis (2)
 L - a wand of mindburst (9)
 P - a wand of iceblast (17)
Scrolls
 c - a scroll of holy word
 f - 2 scrolls of blinking
 k - a scroll of silence {unknown}
 o - 11 scrolls of teleportation
 p - 3 scrolls of enchant weapon
 B - 2 scrolls of fog
 D - 2 scrolls of immolation
 O - a scroll of vulnerability
 T - 2 scrolls of magic mapping
 Z - a scroll of fear {unknown}
Potions
 g - a potion of curing
 h - a potion of invisibility {unknown}
 i - 2 potions of berserk rage {unknown}
 n - 3 potions of heal wounds {unknown}
 q - 3 potions of ambrosia {unknown}
 w - a potion of mutation {unknown}
 A - 2 potions of haste {unknown}
 C - 2 potions of magic {unknown}
 G - 3 potions of lignification
 J - 2 potions of attraction {unknown}
 K - 3 potions of degeneration {unknown}
 M - a potion of might {unknown}
 U - a potion of cancellation {unknown}
 X - 2 potions of brilliance {unknown}
Miscellaneous
 Q - a piece from Xom's chessboard (15/15)
 Y - a box of beasts (inert)


   Skills:
 + Level 12.2 Fighting
 - Level 13.2(14.1) Axes
 - Level 8.6(12.0) Maces & Flails
 - Level 2.5 Throwing
 + Level 10.7 Armour
 + Level 11.8 Dodging
 + Level 19.2 Shields


You had 13 spell levels left.
You didn't know any spells.
Your spell library contained the following spells:

 Spells                   Type           Power      Damage    Failure   Level
 Beastly Appendage        Tmut           0%         N/A       75%         1
 Magic Dart               Conj           0%         1d3       75%         1
 Sandblast                Erth           0%         2d4       75%         1
 Summon Small Mammal      Summ           0%         N/A       75%         1
 Searing Ray              Conj           0%         3d3       87%         2
 Slow                     Hex            0%         N/A       87%         2
 Static Discharge         Conj/Air       0%         N/A       87%         2
 Wereblood                Tmut           0%         N/A       87%         2
 Call Canine Familiar     Summ           0%         N/A       98%         3
 Confusing Touch          Hex            0%         N/A       98%         3
 Spider Form              Tmut/Pois      0%         N/A       98%         3
 Stone Arrow              Conj/Erth      0%         3d7       98%         3
 Summon Guardian Golem    Hex/Summ       0%         N/A       98%         3
 Animate Armour           Summ/Erth      0%         N/A       100%        4
 Dispel Undead            Necr           0%         3d6       100%        4
 Fulminant Prism          Conj/Hex       0%         3d6       100%        4
 Hailstorm                Conj/Ice       0%         3d3       100%        4
 Ice Form                 Ice/Tmut       0%         N/A       100%        4
 Leda's Liquefaction      Hex/Erth       0%         N/A       100%        4
 Sticky Flame             Conj/Fire      0%         2d3       100%        4
 Blade Hands              Tmut           0%         N/A       100%        5
 Bolt of Magma            Conj/Fire/Erth 0%         4d4       100%        5
 Yara's Violent Unravell  Hex/Tmut       0%         3d3       100%        5
 Iron Shot                Conj/Erth      0%         9d1       100%        6
 Simulacrum               Ice/Necr       0%         N/A       100%        6
 Lehudib's Crystal Spear  Conj/Erth      0%         10d2      100%        8
 Shatter                  Erth           0%         3d5*      100%        9


Dungeon Overview and Level Annotations

Branches:
Dungeon (9/15)             Temple (0/1) D:4            Lair (6/6) D:9
  Swamp (0/4) Lair:4       Spider (1/4) Lair:3        Slime (0/5) Lair:6
    Orc: D:9-12

Altars:
Ashenzari
Hepliaklqana
Makhleb
Nemelex Xobeh
Qazlal
Uskayaw
Vehumet
Wu Jian
The Shining One

Shops:
D:2 !   D:5 (   D:6 !

Annotations:
Spider:1 Nikola


Innate Abilities, Weirdness & Mutations

You are a tree.
Your roots penetrate the ground, keeping you stationary.
You cannot be teleported.
You are immune to unholy pain and torment.
Your maximum health is greatly increased.
Your equipment is partially melded.
((You have a pair of horns on your head.))
((You reflexively headbutt those who attack you in melee.))


Message History

You closely miss the redback. You headbutt the redback!
The redback is moderately wounded.
The redback barely misses you. You block the redback's attack. x2
The redback bites you.
* * * LOW HITPOINT WARNING * * *
The redback closely misses you.
You barely miss the redback. Your headbutt misses the redback.
The redback is moderately wounded.
Your surroundings suddenly seem different.
A jumping spider, a tarantella and 5 redbacks come into view.
Found 16 sling bullets.
The tarantella hisses angrily.
You block the redback's attack.
As you read the scroll of teleportation, it crumbles to dust.
You feel strangely unstable. The jumping spider pounces on you.
* * * LOW HITPOINT WARNING * * *
You are caught in a web!
The jumping spider bites you but does no damage.
The redback closely misses you. You furiously retaliate!
You headbutt the redback! The redback bites you!
* * * LOW HITPOINT WARNING * * *
The redback closely misses you.
The redback bites you but does no damage.
It was a potion of lignification.
You turn into a tree.
Your +0 cloak melds into your body.
Your +0 hat of willpower melds into your body.
Your +0 pair of gloves melds into your body.
Your +0 pair of boots melds into your body.
Your +1 acid dragon scales melds into your body.
You feel less strong-willed.
Your roots penetrate the ground.
You feel strangely stable.
You shred the web into pieces!
The jumping spider leaps!
You block the redback's attack. x2
The redback bites you but does no damage.
You block the redback's attack. The redback bites you.
* * * LOW HITPOINT WARNING * * *
The redback bites you but does no damage.
You block the redback's attack.
The redback bites you but does no damage. x2
The redback bites you!
You die...

#########
#.......
#...... .
#..... ##
#...#.ss#..#..#
#≈ss♣(....#
#..ss#...#..
... #....° ..#
##..## #.#....
..# ......
####..#s #.#
...#.# .#.#.# .
..#.# # ## .
...# . ..###


You could see a jumping spider, a tarantella and 5 redbacks.

Vanquished Creatures
  Jorgrun (Spider:1)
  Rupert (Spider:1)
  Frances (Spider:1)
  Gastronok (D:8)
  Harold (D:7)
  2 boulder beetles
  7 hydras
  A catoblepas (Lair:6)
  3 bog bodies (Lair:4)
  A wolf spider (Spider:1)
  Pikel (D:4)
  4 oklob plants (Lair:3)
  A cyclops (D:8)
  21 elephants
  6 black mambas
  10 cane toads
  A torpor snail (Lair:3)
  11 komodo dragons
  Maggie (D:7)
  A demonic crawler (Spider:1)
  4 rime drakes
  3 jumping spiders (Lair:3)
  6 polar bears
  4 hornets
  9 blink frogs
  8 dream sheep (Lair:6)
  A redback (Spider:1)
  A tarantella (Spider:1)
  12 spriggans (Lair:6)
  A wraith (D:8)
  43 yaks
  13 wyverns
  Eustachio (D:4)
  2 basilisks
  A steam dragon (D:8)
  Menkaure (D:4)
  3 swamp worms
  2 acid dragons (D:9)
  19 water moccasins
  3 orc warriors
  A hornet zombie (D:7)
  2 sky beasts (D:5)
  3 black bears (Lair:6)
  45 wolves
  5 boggarts (Lair:6)
  2 necrophages (D:6)
  A lemure (D:4)
  3 centaurs
  8 kobold brigands
  13 bullfrogs
  A wyvern zombie (D:7)
  A wyvern skeleton (D:7)
  2 electric eels
  A bullfrog zombie (D:6)
  Crazy Yiuf (D:4)
  2 centaur zombies
  2 jellies
  A centaur skeleton (D:7)
  A gnoll shaman (D:4)
  3 orc priests
  2 bullfrog skeletons
  3 hounds
  Jessica (D:3)
  4 iguanas
  A scorpion zombie (D:5)
  Natasha (thrice) (D:4)
  4 orc wizards
  3 killer bee zombies
  A howler monkey zombie (D:9)
  8 adders
  6 gnolls
  2 ufetubi (D:5)
  A worm (D:3)
  2 dart slugs
  22 orcs
  8 endoplasms
  2 giant cockroaches (D:1)
  7 goblins
  5 hobgoblins
  5 jackals (D:2)
  32 kobolds
  7 quokkas
  6 ball pythons
  7 bats
  6 frilled lizards
  6 rats
  A bush (D:5)
466 creatures vanquished.

Vanquished Creatures (others)
  33 fungi
  50 plants
83 creatures vanquished.

Grand Total: 549 creatures vanquished

Notes
Turn   | Place    | Note
-------+----------+-------------------------------------------
     0 | D:1      | ZARRMARR the Minotaur Berserker began the quest for the
                  | Orb.
     0 | D:1      | Reached XP level 1. HP: 19/19 MP: 0/0
   120 | D:1      | Reached XP level 2. HP: 27/27 MP: 1/1
   549 | D:1      | Reached XP level 3. HP: 33/33 MP: 2/2
   663 | D:1      | Reached ** piety under Trog
  1250 | D:2      | Found Retzeb's Distillery.
  1631 | D:2      | Reached XP level 4. HP: 41/41 MP: 3/3
  1749 | D:2      | Reached skill level 5 in Axes
  1890 | D:3      | Found a glowing golden altar of the Shining One.
  1971 | D:3      | Reached skill level 5 in Fighting
  1971 | D:3      | Reached XP level 5. HP: 48/48 MP: 4/4
  2032 | D:3      | Found a burning altar of Makhleb.
  2191 | D:3      | Noticed Jessica
  2197 | D:3      | Killed Jessica
  2266 | D:3      | Found a faded altar of an unknown god.
  2661 | D:3      | Found a radiant altar of Vehumet.
  2853 | D:4      | Reached XP level 6. HP: 56/56 MP: 5/5
  2920 | D:4      | Noticed Pikel
  2932 | D:4      | Killed Pikel
  2933 | D:4      | Reached skill level 5 in Armour
  2933 | D:4      | Reached XP level 7. HP: 60/61 MP: 4/6
  3079 | D:4      | Found a staircase to the Ecumenical Temple.
  3106 | D:4      | Reached *** piety under Trog
  3108 | D:4      | Noticed Eustachio
  3130 | D:4      | Killed Eustachio
  3367 | D:4      | Noticed Menkaure
  3374 | D:4      | Killed Menkaure
  3375 | D:4      | Reached XP level 8. HP: 55/70 MP: 3/7
  3553 | D:4      | Noticed Natasha
  3558 | D:4      | Killed Natasha
  3712 | D:4      | Found a runed translucent door.
  3713 | D:4      | Noticed Crazy Yiuf
  3885 | D:4      | Noticed Natasha
  3894 | D:4      | Killed Natasha
  3947 | D:5      | Entered Level 5 of the Dungeon
  4236 | D:5      | Found Nysott's Antique Weapon Emporium.
  4312 | D:5      | Reached skill level 1 in Shields
  4348 | D:5      | Reached skill level 5 in Dodging
  4436 | D:5      | Found a broken altar of Ashenzari.
  4701 | D:5      | Reached **** piety under Trog
  4905 | D:5      | Reached skill level 2 in Shields
  5536 | D:6      | Found Tiemez's Distillery.
  5604 | D:6      | Reached skill level 3 in Shields
  5604 | D:6      | Reached XP level 9. HP: 77/78 MP: 8/8
  6041 | D:7      | Noticed Maggie
  6061 | D:7      | Killed Maggie
  6062 | D:7      | Reached skill level 4 in Shields
  6297 | D:4      | Noticed Natasha
  6304 | D:4      | Killed Natasha
  6350 | D:4      | Killed Crazy Yiuf
  6886 | D:7      | Reached skill level 5 in Shields
  7335 | D:7      | Noticed Harold
  7350 | D:7      | Killed Harold
  7351 | D:7      | Reached skill level 10 in Axes
  7351 | D:7      | Reached skill level 6 in Shields
  7562 | D:8      | Noticed Gastronok
  7570 | D:8      | Killed Gastronok
  7571 | D:8      | Reached skill level 7 in Shields
  7571 | D:8      | Reached XP level 10. HP: 88/88 MP: 6/9
  7704 | D:8      | Found a hazy altar of Hepliaklqana.
  7963 | D:8      | Found an ornate altar of the Wu Jian Council.
  8012 | D:8      | Noticed a cyclops
  8019 | D:8      | Killed a cyclops
  8422 | D:8      | Reached ***** piety under Trog
  8824 | D:9      | Reached skill level 8 in Shields
  8832 | D:9      | Reached XP level 11. HP: 95/95 MP: 10/10
  9084 | D:9      | Found a staircase to the Lair.
  9329 | D:9      | Found a sparkling altar of Nemelex Xobeh.
  9489 | D:9      | Found a stormy altar of Qazlal.
 10104 | D:9      | Identified a scroll of acquirement
 10106 | D:9      | Acquired a manual of Shields
 10112 | Lair:1   | Entered Level 1 of the Lair of Beasts
 10247 | Lair:1   | Reached skill level 9 in Shields
 10318 | Lair:1   | Noticed a four-headed hydra
 10324 | Lair:1   | Killed a four-headed hydra
 10325 | Lair:1   | Reached skill level 1 in Maces & Flails
 10398 | Lair:1   | Found an ornate altar of the Wu Jian Council.
 10398 | Lair:1   | Found a hide-covered altar of Uskayaw.
 10398 | Lair:1   | Noticed a boulder beetle
 10410 | Lair:1   | Killed a boulder beetle
 10411 | Lair:1   | Reached skill level 10 in Shields
 10604 | Lair:1   | Noticed a six-headed hydra
 10610 | Lair:1   | Killed a six-headed hydra
 10709 | Lair:1   | Noticed a five-headed hydra
 10716 | Lair:1   | Killed a five-headed hydra
 10717 | Lair:1   | Reached skill level 11 in Shields
 11502 | Lair:2   | Noticed a four-headed hydra
 11507 | Lair:2   | Noticed an eight-headed hydra
 11511 | Lair:2   | Killed a four-headed hydra
 11512 | Lair:2   | Reached skill level 5 in Maces & Flails
 11715 | Lair:2   | Reached skill level 12 in Shields
 11724 | Lair:2   | Reached XP level 12. HP: 105/105 MP: 9/11
 12234 | Lair:2   | Reached skill level 13 in Shields
 12385 | Lair:2   | Killed an eight-headed hydra
 12694 | Lair:3   | Reached skill level 10 in Fighting
 12976 | Lair:3   | Reached skill level 14 in Shields
 13103 | Lair:3   | Received a gift from Trog
 13285 | Lair:3   | Reached skill level 15 in Shields
 13385 | Lair:3   | Reached skill level 10 in Armour
 13752 | Lair:3   | Found a hole to the Spider Nest.
 14198 | Lair:3   | Reached XP level 13. HP: 114/114 MP: 12/12
 14454 | Lair:4   | Identified the +6 executioner's axe of Iconoclasm {vorpal,
                  | rPois rF- Will- SInv}
 14484 | Lair:4   | Reached skill level 16 in Shields
 15472 | Lair:4   | Reached skill level 10 in Dodging
 15823 | Lair:4   | Reached skill level 17 in Shields
 16146 | Lair:4   | Found a staircase to the Swamp.
 16156 | Lair:4   | Reached ****** piety under Trog
 16467 | Lair:5   | Received a gift from Trog
 16467 | Lair:5   | Found the +8 whip "Snakebite" {venom, curare, rPois}
 17618 | Lair:6   | Entered Level 6 of the Lair of Beasts
 18101 | Lair:6   | Reached XP level 14. HP: 124/124 MP: 11/13
 18139 | Lair:6   | Reached skill level 18 in Shields
 18603 | Lair:6   | Received a gift from Trog
 19028 | Lair:6   | Got the Volume of the Rocks
 19466 | Lair:6   | Found a staircase to the Slime Pits.
 19597 | Spider:1 | Entered Level 1 of the Spider Nest
 19597 | Spider:1 | Noticed Rupert
 19606 | Spider:1 | Killed Rupert
 19611 | Spider:1 | Noticed Frances
 19630 | Spider:1 | Killed Frances
 19631 | Spider:1 | Reached skill level 19 in Shields
 19928 | Spider:1 | Noticed Jorgrun
 19996 | Spider:1 | Killed Jorgrun
 20082 | Spider:1 | Noticed Nikola
 20105 | Spider:1 | HP: 5/126 [redback (8)]
 20106 | Spider:1 | Mangled by a redback

Illustrated notes

Levels and vault maps discovered:
D:1:      dpeg_arrival_subterranean_lakeside_camping, layout_loops_ring,
          minmay_misc_feat_square
D:2:      minmay_skewed_foursquare, layout_loops_cross, serial_shops, shop
D:3:      layout_basic, mainiacjoe_overflow_small_starburst,
          general_overflow_altar, lemuel_doored_altar,
          dreamdust_ecumenical_altar_grove, small_statue_intersection,
          minmay_misc_feat_alley, serial_bayou_pond_a, minivault_23,
          uniq_jessica
D:4:      layout_cave_pools, minmay_temple_entry_junction_2, uniq_natasha,
          uniq_crazy_yiuf_cottage, uniq_eustachio, uniq_menkaure, uniq_pikel
D:5:      layout_basic, mainiacjoe_overflow_catwalk, serial_shops,
          nicolae_stop_n_shop_2, kb_lookout_dungeons_type,
          lexackson_kobold_supper
D:6:      layout_loops_ring, serial_shops, nicolae_shop_behind_doors
D:7:      layout_layer_cave, st_stairs_12, uniq_harold, uniq_maggie
D:8:      minmay_octagon_keep, layout_basic, nicolae_overflow_hidden_temple,
          mainiacjoe_overflow_alcove_4, serial_rivers,
          chequers_serial_rivers_marsh, chequers_serial_rivers_micro_b,
          chequers_serial_rivers_micro_b, chequers_serial_rivers_small_b,
          chequers_serial_rivers_micro_d, worms_lemuel, uniq_gastronok
D:9:      layout_long_grid, nicolae_qazlal_scattered_showers,
          mainiacjoe_overflow_brackets, erik_lair_dragon
Lair:1:   layout_cave_pods, nzn_masters_of_martial_movement, grunt_megastairs_5
Lair:2:   layout_loops_ring, chequers_serial_rivers_micro_c, lemuel_fruit_fields
Lair:3:   layout_loops_ring, spider_nest_entry_funnel_web, beast_lair_carwin_5,
          grunt_megastairs_3, minmay_lair_oklob_chamber, lemuel_fruit_fields
Lair:4:   layout_regular_city, nicolae_swamp_entry_splash_gauntlet
Lair:5:   layout_layer_cave, lemuel_fruit_tree
Lair:6:   minmay_lair_end_enchanted_forest, layout_gridlike, slime_dummy
Spider:1: layout_spider_delve, drop_trap, uniq_rupert, uniq_jorgrun,
          uniq_frances, uniq_nikola

Skill      XL: |  1  2  3  4  5  6  7  8  9 10 11 12 13 14 |
---------------+-------------------------------------------+-----
Fighting       | 4 5 6 7 8 9 10 11 12 | 12.2
Axes           | 4 5 7 9 11 12 13 | 13.2
Armour         | 3 4 5 6 7 8 9 10 | 10.7
Dodging        | 3 4 5 6 7 9 10 11 | 11.8
Throwing       | 2 |  2.5
Shields        | 3 7 8 12 15 17 19 | 19.2
Maces & Flails | 5 8 |  8.6

Action                   |  1- 3 |  4- 6 |  7- 9 | 10-12 | 13-15 || total
-------------------------+-------+-------+-------+-------+-------++-------
Melee: Hand axe          |    73 |    66 |    32 |       |       ||   171
       Headbutt          |     9 |    17 |    54 |   128 |   179 ||   387
       War axe           |       |       |   200 |   114 |       ||   314
       Whip              |       |       |       |   397 |   594 ||   991
Throw: Dart              |     2 |    13 |    13 |       |       ||    28
       Boomerang         |       |       |    34 |    71 |    84 ||   189
Invok: Berserk           |     1 |     4 |    14 |    34 |    23 ||    76
Evoke: Wand              |       |       |       |       |    11 ||    11
       Box of beasts     |       |       |       |       |     1 ||     1
  Use: Scroll            |     4 |     1 |       |    11 |     8 ||    24
       Potion            |       |       |       |       |     2 ||     2
Armor: Ring mail         |    35 |    24 |    31 |       |       ||    90
       Plate armour      |       |       |    39 |       |       ||    39
       Swamp dragon scal |       |       |     6 |   106 |    41 ||   153
       Acid dragon scale |       |       |       |       |    42 ||    42
       Skin              |       |       |       |       |     4 ||     4
Dodge: Dodged            |    48 |    32 |   107 |   168 |   160 ||   515
Block: Tower shield      |       |       |   141 |   459 |   515 ||  1115
